cohdb
Replays
Latest Replays
All Replays
Popular Replays
Top Player Replays
Match Explorer
How It Works
Community
CoH3 Stats
Reddit
Sign in to upload your games and track your stats! →
Sign in with Steam
Match 44221873
Unlisted
Match 44221873
Overview
Messages
Build Orders
End
Royal Engineer Section
Vickers Machine Gun Team
Construct Section Command Post
Dingo Light Scout Car
Selects Indian Artillery Battlegroup
Infantry Section
Infantry Section
Grenade Package
Construct Platoon Command Post
Selects Valour
Infantry Training
CMP 15cwt Truck
Selects Gurkha Rifles Section
6-pounder Anti-tank Gun Team
AI Takeover
Dr Gory
MAXOP
DrewP
Dillbro
0
0
Comments
sign in to comment!
No comments posted yet!